[Event "21st Mediterranean Flowers WGM 2021"]
[Site "Rijeka"]
[Date "2021.03.10"]
[Round "5.3"]
[White "Medic, Mirjana"]
[Black "Kejzar, Petra"]
[Result "1/2-1/2"]
[ECO "D02"]
[WhiteElo "2169"]
[BlackElo "2043"]
[Annotator "ChessBase"]
[PlyCount "120"]
[EventDate "2021.03.07"]
[EventType "tourn"]
[EventCountry "CRO"]
[SourceTitle "playchess.com"]
[Source "ChessBase"]
[SourceQuality "1"]
[TimeControl "5400+30"]

1. d4 Nf6 2. Nf3 e6 3. Bf4 d5 4. e3 c5 5. c3 Nc6 6. Nbd2 Bd6 7. Bg3 O-O 8. Bd3 b6 9. Ne5 Bb7 10. O-O Ne7 11. Qc2 Rc8 12. f4 c4 13. Be2 b5 14. a3 Ne4 15. Bh4 f6 16. Nef3 Qb6 17. g4 a5 18. Nxe4 dxe4 19. Nd2 Nd5 20. Bf2 Bxf4 21. exf4 e3 22. Bg3 exd2 23. Qxd2 Rfe8 24. Bf3 e5 25. fxe5 fxe5 26. Rae1 exd4 27. Qxd4 Qxd4+ 28. cxd4 b4 29. axb4 axb4 30. Rxe8+ Rxe8 31. Rc1 Rc8 32. Be1 Re8 33. Bxb4 Nf4 34. Rf1 Bxf3 35. Rxf3 Ne2+ 36. Kf2 Nxd4 37. Rf4 Nc6 38. Rxc4 Ne5 39. Rd4 Nc6 40. Rc4 Ne5 41. Rc3 Nxg4+ 42. Kg3 Nf6 43. Rf3 Re2 44. Ba3 Kf7 45. Rf2 Re1 46. Kg2 Ke6 47. Bb4 Rb1 48. Bc3 Kd5 49. Rf5+ Kc4 50. Bxf6 gxf6 51. Rxf6 Rxb2+ 52. Kg3 Rb7 53. Rd6 Kc5 54. Rd8 Kc6 55. Kg4 Rd7 56. Rf8 Kd6 57. h4 Rg7+ 58. Kh5 Ke7 59. Rf5 Rf7 60. Rxf7+ Kxf7 1/2-1/2

[Event "21st Mediterranean Flowers WGM 2021"]
[Site "Rijeka"]
[Date "2021.03.12"]
[Round "8.1"]
[White "Berke, Ana"]
[Black "Spiranec, Noemi"]
[Result "1/2-1/2"]
[ECO "C90"]
[WhiteElo "2188"]
[BlackElo "2077"]
[Annotator "ChessBase"]
[PlyCount "107"]
[EventDate "2021.03.07"]
[EventType "tourn"]
[EventCountry "CRO"]
[SourceTitle "playchess.com"]
[Source "ChessBase"]
[SourceQuality "1"]
[TimeControl "5400+30"]

1. e4 e5 2. Nf3 Nc6 3. Bb5 a6 4. Ba4 Nf6 5. O-O Be7 6. Re1 b5 7. Bb3 d6 8. c3 O-O 9. d3 Na5 10. Bc2 c5 11. Nbd2 Re8 12. Nf1 h6 13. h3 Bf8 14. Ng3 Nc6 15. d4 cxd4 16. cxd4 Bd7 17. Be3 Rc8 18. Rc1 Na5 19. b3 Nb7 20. Qd2 Kh7 21. b4 g6 22. a3 Bg7 23. d5 Rf8 24. Bd3 Rxc1 25. Rxc1 Nxe4 26. Nxe4 f5 27. Nfg5+ hxg5 28. Nxg5+ Kg8 29. f4 Bf6 30. h4 exf4 31. Bxf4 Qb6+ 32. Kh2 Nd8 33. Qe1 Qd4 34. Qg3 Qxd5 35. Rc7 Be8 36. Bxd6 Bxg5 37. hxg5 Rf7 38. Bc2 Rxc7 39. Bxc7 Bf7 40. Be5 Ne6 41. Bb2 Kf8 42. Bb3 Qd7 43. Be5 Nxg5 44. Qxg5 Bxb3 45. Qxg6 Be6 46. Qh6+ Ke8 47. Qh8+ Kf7 48. Qh5+ Kf8 49. Qg5 Qh7+ 50. Kg1 Qa7+ 51. Kh2 Qh7+ 52. Kg1 Qa7+ 53. Kh2 Qh7+ 54. Kg1 1/2-1/2

[Event "21st Mediterranean Flowers WGM 2021"]
[Site "Rijeka"]
[Date "2021.03.12"]
[Round "8.3"]
[White "Radikovic, Anamarija"]
[Black "Hrescak, Ivana"]
[Result "0-1"]
[ECO "E61"]
[WhiteElo "1986"]
[BlackElo "2201"]
[Annotator "ChessBase"]
[PlyCount "118"]
[EventDate "2021.03.07"]
[EventType "tourn"]
[EventCountry "CRO"]
[SourceTitle "playchess.com"]
[Source "ChessBase"]
[SourceQuality "1"]
[TimeControl "5400+30"]

1. d4 Nf6 2. c4 g6 3. Nc3 Bg7 4. Nf3 d6 5. Bg5 c6 6. e3 Nbd7 7. Qc2 a6 8. a4 Qa5 9. Rb1 Qb4 10. Bd3 e5 11. O-O O-O 12. Na2 Qb6 13. b4 Re8 14. Nc3 Qc7 15. h3 Nh5 16. dxe5 dxe5 17. c5 Nhf6 18. Bc4 a5 19. Qb3 Rf8 20. Bxf6 Nxf6 21. Ng5 Bf5 22. e4 Bc8 23. b5 h6 24. Nf3 Nd7 25. Qa3 Bf6 26. Ne1 Qd8 27. Nd3 Kg7 28. Rfd1 Re8 29. Ba2 Qe7 30. Re1 Qf8 31. Rec1 Be7 32. Nd1 cxb5 33. Rxb5 b6 34. Bd5 Ra7 35. Qb2 Nxc5 36. Nxc5 Bxc5 37. Ne3 Ba3 38. Qc2 Bxc1 39. Qxc1 Bd7 40. Rxb6 Rc8 41. Qb2 Qe7 42. f4 Kh7 43. f5 Qc5 44. fxg6+ fxg6 45. Rb3 Bxa4 46. Ra3 Bb5 47. Kh2 a4 48. Ng4 Rf8 49. Qd2 g5 50. Rc3 Qd4 51. Qc1 Qb6 52. Rc8 Rf1 53. Bg8+ Kg7 54. Qb2 Re7 55. Qb4 Rd7 56. Bd5 h5 57. Rg8+ Kh7 58. Rf8 Qg1+ 59. Kg3 h4# 0-1